 Dungeon Crawl Stone Soup version 0.19-a0-1697-g0595f0e (webtiles) character file.

74 MistressOfTheDunes the Insei (level 4, 0/35 HPs)
             Began as a Mummy Monk on Sept 26, 2016.
             Slain by an adder (5 damage)
             ... on level 2 of the Dungeon.
             The game lasted 00:04:23 (2843 turns).

MistressOfTheDunes the Insei (Mummy Monk)           Turns: 2843, Time: 00:04:24

Health: 0/35       AC:  1    Str: 14    XL:     4   Next: 10%
Magic:  4/4        EV: 13    Int:  9    God:
Gold:   138        SH:  0    Dex: 15    Spells: 0 memorised, 3 levels left

rFire  x . .     SeeInvis .       - Unarmed
rCold  + . .     Gourm    .     (no armour)
rNeg   + + +     Faith    .     (no shield)
rPois  ∞         Spirit   .     (no helmet)
rElec  .         Dismiss  .     (no cloak)
rCorr  .         Reflect  .     (no gloves)
MR     +....     Harm     .     (no boots)
Stlth  ++........               (no amulet)
                                f - ring of protection from magic
                                (no ring)

@: no status effects
A: no food or potions, fire vulnerability, cold resistance 1, negative energy
resistance 3, torment resistance, unbreathing
a: no special abilities


You were on level 2 of the Dungeon.
You were not hungry.

You visited 1 branch of the dungeon, and saw 2 of its levels.

You collected 138 gold pieces.


Innate Abilities, Weirdness & Mutations

You do not eat or drink.
Your flesh is vulnerable to fire.
You are immune to poison.
Your flesh is cold resistant. (rC+)
You are immune to negative energy. (rN+++)
You are immune to unholy pain and torment.
You can survive without breathing.


   Skills:
 - Level 3.0 Fighting
 - Level 2.4 Dodging
 - Level 1.5 Stealth
 + Level 4.1 Unarmed Combat


You had 3 spell levels left.
You didn't know any spells.

Inventory:

Jewellery
 f - a ring of protection from magic (right hand)
Scrolls
 a - a scroll of recharging {unknown}
 b - a scroll of identify {unknown}
 c - 2 scrolls of remove curse {unknown}
 d - a scroll of fear {unknown}
 e - a scroll of immolation {unknown}

Dungeon Overview and Level Annotations

Branches:
Dungeon (2/15)

Altars:

Annotations:
D:1 Ijyb, Terence

..▒▒ ▒▒.▒ ▒.▒ .... ▒) ...
..▒ ▒▒.▒ .... ▒. .. ...
..▒ ...▒ ▒. .▒ ▒ ▒.▒
▒.▒▒▒▒ ...▒ ▒. .▒ ▒. ▒.▒
▒.▒▒.▒▒...▒ ▒. .▒
▒.▒▒▒.▒▒▒▒....(....▒▒▒ ▒.
.▒▒▒...........▒)........
▒.
...▒▒▒..(......S▒.▒▒..▒▒
▒. .▒.▒▒▒...▒▒▒▒▒▒▒M▒▒ .▒
▒. (........▒ ▒▒▒
▒▒.▒▒▒▒▒.▒ ▒▒... ....
.........▒▒▒ ▒▒▒▒▒▒▒▒▒▒


You could see an adder.


Message History

The adder bites you but does no damage! The adder bites you! * * * don't die
* * * You closely miss the adder!
The adder is moderately wounded!
The adder barely misses you!
You closely miss the adder!
The adder is moderately wounded!
The adder bites you! * * * don't die
* * * You pulverise the adder!
The adder is moderately wounded!
The adder misses you!
You pulverise the adder!
The adder is heavily wounded!
The adder barely misses you!
You squash the adder like an ant!
The adder is severely wounded!
The adder misses you! The adder closely misses you!
You barely miss the adder!
The adder is severely wounded!
The adder bites you! * * * don't die
* * * You squash the adder but do no damage!
The adder is severely wounded!
The adder bites you! * * * don't die
* * * You barely miss the adder!
The adder is severely wounded!
The adder bites you! rip

Action                   |  1- 3 |  4- 6 || total
-------------------------+-------+-------++-------
Melee: Unarmed           |   168 |    29 ||   197
       Punch             |     4 |     1 ||     5
 Stab: Sleeping          |     3 |       ||     3
Armor: Skin              |    19 |     3 ||    22
Dodge: Dodged            |   128 |    21 ||   149

Vault maps used:
D:1:      zaba_arrival_water, minmay_cut_off
D:2:      kennysheep_the_goblin_king, uniq_terence

Notes
Turn   | Place    | Note
-------+----------+-------------------------------------------
     0 | D:1      | MistressOfTheDunes the Mummy Monk began the quest for the Orb.
     0 | D:1      | Reached XP level 1. HP: 18/18 MP: 1/1
    77 | D:1      | Reached XP level 2. HP: 6/24 MP: 2/2
   406 | D:1      | Reached skill level 3 in Unarmed Combat
  1227 | D:1      | Reached XP level 3. HP: 26/29 MP: 3/3
  1705 | D:2      | Noticed Ijyb
  2269 | D:2      | Noticed Terence
  2508 | D:2      | Reached skill level 4 in Unarmed Combat
  2767 | D:2      | Reached XP level 4. HP: 32/35 MP: 4/4
  2843 | D:2      | Slain by an adder

Vanquished Creatures
  2 adders (D:2)
  An ooze (D:1)
  A ball python (D:2)
  4 giant cockroaches (D:1)
  10 goblins
  4 hobgoblins (D:1)
  9 jackals
  7 bats
  2 frilled lizards (D:1)
  4 kobolds
  2 rats (D:1)
46 creatures vanquished.
